 Dungeon Crawl Stone Soup version 0.30-a0-989-g0d87f670db (webtiles) character file.

Game seed: 682938493965920850

44 DeathPants the Chopper (level 3, 0/18 HPs)
             Began as a Vine Stalker Gladiator on Apr 2, 2023.
             Slain by a phantom (6 damage)
             ... on level 2 of the Dungeon.
             The game lasted 00:03:26 (1260 turns).

DeathPants the Chopper (Vine Stalker Gladiator)     Turns: 1260, Time: 00:03:27

Health: 0/18       AC:  5    Str: 16    XL:     3   Next: 60%
Magic:  0/4        EV: 12    Int: 10    God:
Gold:   40         SH:  0    Dex: 15    Spells: 2/2 levels left

rFire   . . .      SeeInvis .    a - +0 war axe
rCold   . . .      Faith    .    (no shield)
rNeg    . . .      Spirit   +    b - +0 leather armour
rPois   .          Reflect  .    c - +0 helmet
rElec   .          Rampage  .    (no cloak)
rCorr   .                        (no gloves)
Will    .....                    i - +0 pair of boots
Stlth   +                        (no amulet)
HPRegen 0.23/turn                (no ring)
MPRegen 0.09/turn                (no ring)

@: no status effects
A: fangs 2, magic shield, antimagic bite, no potion heal 2
a: no special abilities


You were on level 2 of the Dungeon.
You visited 1 branch of the dungeon, and saw 3 of its levels.

You collected 40 gold pieces.

Inventory:

Hand Weapons
 a - a +0 war axe (weapon)
Missiles
 d - 3 throwing nets (quivered)
 e - a javelin
 f - 5 poisoned darts
Armour
 b - a +0 leather armour (worn)
 c - a +0 helmet (worn)
 i - a +0 pair of boots (worn)
Scrolls
 g - 5 scrolls of identify {unknown}
 h - a scroll of enchant armour {unknown}
Potions
 j - a potion of might {unknown}
 k - a potion of mutation {unknown}


   Skills:
 + Level 2.2 Fighting
 * Level 3.3 Axes
 - Level 1.7 Throwing
 + Level 1.0 Armour
 + Level 2.7 Dodging


You had 2 spell levels left.
You didn't know any spells.
Your spell library contained the following spells:

 Spells                   Type           Power      Damage    Failure   Level
 Kiss of Death            Conj/Necr      0%         2d5       43%         1
 Confusing Touch          Hex            0%         N/A       80%         3
 Dispel Undead            Necr           0%         3d6       99%         4


Dungeon Overview and Level Annotations

Branches:
Dungeon (3/15)

Altars:

Shops:
D:1 =


Innate Abilities, Weirdness & Mutations

You have extremely sharp teeth.
When hurt, damage is shared between your health and your magic reserves.
Your bite disrupts and absorbs the magic of your enemies.
Potions cannot restore your health.


Message History

You open the door.
There is an open door here.
k - a dark potion
Found a stone staircase leading down.
Found 10 gold pieces.
Found a pair of gloves.
A rat comes into view.
There is a stone staircase leading down here.
A phantom comes into view.
Found a rapier.
You barely miss the rat. You bite the rat, but do no damage.
The rat barely misses you.
You slash the rat!
You kill the rat!
You see here a rat corpse.
The phantom barely misses you.
You closely miss the phantom. You bite the phantom, but do no damage.
The phantom hits you. The phantom closely misses you.
You hit the phantom but do no damage. The phantom misses you.
You completely miss the phantom. Your bite misses the phantom.
The phantom hits you.
The phantom blinks!
You blink.
You closely miss the phantom. Your bite misses the phantom.
The phantom hits you. The phantom barely misses you.
You hit the phantom.
The phantom is moderately damaged.
The phantom hits you.
You closely miss the phantom. Your bite misses the phantom.
The phantom is moderately damaged.
The phantom hits you.
The phantom blinks!
You blink.
The phantom hits you but does no damage.
You see here a +0 pair of gloves.
You slash the phantom!
The phantom is heavily damaged.
The phantom hits you.
* * * LOW HITPOINT WARNING * * *
The phantom hits you but does no damage.
You hit the phantom.
The phantom is severely damaged.
The phantom hits you.
You die...

######
################....###
.....$.>............'.##
########.#######....#..#
#.....@.†..# #######.#
#.####W###.# ##.. ..#
#.# #.# #... #### #.#
#.. #... #.# #### #...
#.# ##.. #)# ### #.#


You could see a phantom.

Vanquished Creatures
  A dart slug (D:1)
  2 ball pythons
  3 bats
  3 giant cockroaches (D:2)
  6 goblins
  5 hobgoblins
  4 jackals (D:1)
  A quokka (D:1)
  2 frilled lizards (D:1)
  5 kobolds (D:1)
  4 rats
36 creatures vanquished.

Notes
Turn   | Place    | Note
-------+----------+-------------------------------------------
     0 | D:1      | DeathPants the Vine Stalker Gladiator began the quest for
                  | the Orb.
     0 | D:1      | Reached XP level 1. HP: 11/11 MP: 2/2
   190 | D:1      | Reached XP level 2. HP: 15/15 MP: 3/3
   286 | D:1      | Found Mykuc's Jewellery Boutique.
   316 | D:1      | Reached skill level 3 in Axes
   457 | D:1      | Reached XP level 3. HP: 14/18 MP: 4/4
  1211 | D:2      | Reached skill level 1 in Armour
  1244 | D:2      | Noticed a phantom
  1260 | D:2      | Slain by a phantom

Illustrated notes

Levels and vault maps discovered:
D:1:      kilobyte_arrival_exit_the_forest, layout_basic, serial_shops,
          nicolae_shop_behind_doors, minmay_pentomino_p2
D:2:      layout_basic, shapermc_ecumenical_altar_ellora, minmay_small_reverse_x
D:3:      layout_basic, portal_sewer_entry_d, uniq_crazy_yiuf_cottage,
          uniq_jessica

Skill      XL: |  1  2  3 |
---------------+----------+-----
Fighting       | 2 |  2.2
Axes           | 3 |  3.3
Armour         | 1 |  1.0
Throwing       | |  1.7
Dodging        | |  2.7

Action                     || total
---------------------------++-------
  Melee: War axe           ||    92
         Bite              ||    23
         Punch             ||     1
 Armour: Leather armour    ||    45
  Dodge: Dodged            ||    73

Table legend: (Time is in decaauts)
 A = Elapsed time spent in this place.
 B = Non-inter-level travel time spent in this place.
 C = Inter-level travel time spent in this place.
 D = Time resting spent in this place.
 E = Time spent auto-exploring this place.
 F = Levels seen in this place.
 G = Mean time per level.
                   A        B        C        D        E       F      G
               +--------+--------+--------+--------+--------+-----+--------+
         Total |   1304 |   1280 |     24 |      0 |    878 |   3 |  434.7 |
       Dungeon |   1304 |   1280 |     24 |      0 |    878 |   3 |  434.7 |
               +--------+--------+--------+--------+--------+-----+--------+

Top non-repeatable levels by time:
     D:1: 1078 daAuts
     D:2: 224 daAuts
     D:3: 1 daAuts
